 Dungeon Crawl Stone Soup version 0.28-a0-1555-g9ae15a6949 (webtiles) character file.

Game seed: 11822083121930554035

219 gruber the Chiller (level 5, -11/35 HPs)
             Began as a Demonspawn Ice Elementalist on Jan 18, 2022.
             Mangled by an ogre (23 damage)
             ... on level 4 of the Dungeon.
             The game lasted 00:02:53 (3879 turns).

gruber the Chiller (Demonspawn Ice Elementalist)    Turns: 3879, Time: 00:02:54

Health: -11/35     AC:  2    Str:  8    XL:     5   Next: 63%
Magic:  3/9        EV: 12    Int: 18    God:
Gold:   86         SH:  0    Dex: 14    Spells: 6/10 levels left

rFire   . . .      SeeInvis +   k - +0 quarterstaff
rCold   . . .      Faith    .   (shield currently unavailable)
rNeg    . . .      Spirit   .   a - +0 robe
rPois   .          Reflect  .   (helmet restricted)
rElec   .          Harm     .   (no cloak)
rCorr   .          Rampage  .   (no gloves)
Will    .....                   (no boots)
Stlth   ++........              (no amulet)
HPRegen 0.11/turn               h - ring of see invisible
MPRegen 0.22/turn               (no ring)

@: freezing walls, very slightly contaminated
A: horns 1, demonic guardian 1, magic regeneration
a: no special abilities


You were on level 4 of the Dungeon.
You visited 1 branch of the dungeon, and saw 4 of its levels.

You collected 86 gold pieces.

Inventory:

Hand Weapons
 k - a +0 quarterstaff (weapon)
Armour
 a - a +0 robe (worn)
Jewellery
 g - an amulet of guardian spirit
 h - a ring of see invisible (left hand)
Scrolls
 c - a scroll of fog {unknown}
 d - 3 scrolls of teleportation {unknown}
 e - 2 scrolls of fear {unknown}
 f - 2 scrolls of enchant armour {unknown}
 o - a scroll of magic mapping {unknown}
Potions
 b - a potion of brilliance {unknown}
 i - a potion of mutation {unknown}
 j - 2 potions of curing {unknown}
 l - a potion of heal wounds {unknown}
 m - a potion of magic {unknown}
 n - a potion of haste {unknown}


   Skills:
 - Level 1.7 Dodging
 - Level 1.7 Stealth
 - Level 3.1 Spellcasting
 + Level 5.8 Ice Magic


You had 6 spell levels left.
You knew the following spells:

 Your Spells              Type           Power      Damage    Failure   Level
a - Freeze                Ice            92%        1d10      1%          1
b - Frozen Ramparts       Ice            46%        1d6       4%          3

Your spell library contained the following spells:

 Spells                   Type           Power      Damage    Failure   Level
 Ozocubu's Armour         Ice            23%        N/A       4%          3
 Beastly Appendage        Tmut           4%         N/A       16%         1
 Wereblood                Tmut           2%         N/A       24%         2
 Spider Form              Tmut/Pois      2%         N/A       43%         3
 Hailstorm                Conj/Ice       13%        3d5       43%         4


Dungeon Overview and Level Annotations

Branches:
Dungeon (4/15)
 Temple: D:4-7

Altars:


Innate Abilities, Weirdness & Mutations

You have a pair of small horns on your head.
A weak demonic guardian rushes to your aid.
You regenerate magic rapidly.


Message History

Ouch! That really hurt!
A demonic guardian appears!
You are too injured to fight recklessly!
Unknown command.
Casting: Freeze (safe; 1% risk of failure)
Confirm with . or Enter, or press ? or * to list all spells.
Aiming: Freeze (safe; 1% risk of failure)
Press: ? - help, Shift-Dir - straight line, f/p - ogre
Aim: an ogre, wielding a +0 giant spiked club (heavily wounded, ally target)
You freeze the ogre.
The ogre is heavily wounded.
The adder skeleton completely resists.
The wall freezes the adder skeleton but does no damage.
The wall freezes the ogre.
The ogre barely misses you.
Unknown command.
Unknown command.
Casting: Freeze (safe; 1% risk of failure)
Confirm with . or Enter, or press ? or * to list all spells.
Aiming: Freeze (safe; 1% risk of failure)
Press: ? - help, Shift-Dir - straight line, f/p - ogre
Aim: an ogre, wielding a +0 giant spiked club (heavily wounded, ally target)
You miscast Freeze.
Nothing appears to happen.
The adder skeleton completely resists.
The wall freezes the adder skeleton but does no damage.
Unknown command.
Unknown command.
Unknown command.
Casting: Freeze (safe; 1% risk of failure)
Confirm with . or Enter, or press ? or * to list all spells.
Aiming: Freeze (safe; 1% risk of failure)
Press: ? - help, Shift-Dir - straight line, f/p - ogre
Aim: an ogre, wielding a +0 giant spiked club (heavily wounded, ally target)
You freeze the ogre.
The ogre is severely wounded.
The adder skeleton completely resists.
The wall freezes the adder skeleton but does no damage.
The wall freezes the ogre.
The ogre hits you with a +0 giant spiked club!!
Ouch! That really hurt!
You die...

..###+###...###
........#...(.#
........#.....#
........#.....#
........#.....#
.......('.....#
........#Z....#
####.####O##.##
#+ ###@####
#..5.# #....#
#....# #....#
#....#
#..#######
####..###...####
#..............#


You could see an ogre (ally target), an adder skeleton and a friendly white imp
(summoned).

Vanquished Creatures
  A scorpion (D:4)
  A hound (D:4)
  4 adders
  4 dart slugs
  2 bats (D:1)
  10 endoplasms
  6 giant cockroaches
  10 goblins
  4 hobgoblins
  2 jackals (D:3)
  4 kobolds
  2 quokkas
  16 ball pythons
  3 frilled lizards
  5 rats
74 creatures vanquished.

Notes
Turn   | Place    | Note
-------+----------+-------------------------------------------
     0 | D:1      | gruber the Demonspawn Ice Elementalist began the quest for
                  | the Orb.
     0 | D:1      | Reached XP level 1. HP: 13/13 MP: 3/3
   208 | D:1      | Reached skill level 4 in Ice Magic
   208 | D:1      | Gained mutation: You regenerate magic rapidly. [demonic
                  | ancestry]
   208 | D:1      | Reached XP level 2. HP: 19/19 MP: 0/5
   995 | D:1      | Reached XP level 3. HP: 24/24 MP: 3/6
  1034 | D:1      | Learned a level 3 spell: Frozen Ramparts
  2283 | D:2      | Found a faded altar of an unknown god.
  2366 | D:2      | Gained mutation: A weak demonic guardian rushes to your
                  | aid. [demonic ancestry]
  2366 | D:2      | Reached XP level 4. HP: 30/30 MP: 6/8
  3501 | D:4      | Noticed a scorpion
  3503 | D:4      | Reached skill level 5 in Ice Magic
  3503 | D:4      | Gained mutation: You have a pair of small horns on your
                  | head. [demonic ancestry]
  3503 | D:4      | Reached XP level 5. HP: 28/35 MP: 5/9
  3552 | D:4      | Noticed a centaur
  3552 | D:4      | Noticed an ogre
  3879 | D:4      | Mangled by an ogre

Illustrated notes

Levels and vault maps discovered:
D:1:      minmay_arrival_widening_spiral_narrow, layout_loops_ring
D:2:      layout_basic, hellmonk_ecumenical_altar_inner_sanctum,
          minmay_pentomino_p2
D:3:      layout_basic, minmay_shallow_snake_nest
D:4:      layout_gridville, serial_shops, shop, uniq_eustachio,
          uniq_crazy_yiuf_cottage

Skill      XL: |  1  2  3  4 |
---------------+-------------+-----
Ice Magic      | 4 5 |  5.8
Spellcasting   | 3 |  3.1
Dodging        | |  1.7
Stealth        | |  1.7

Action                   |  1- 3 |  4- 6 || total
-------------------------+-------+-------++-------
Melee: Unarmed           |    24 |       ||    24
       Quarterstaff      |     1 |     2 ||     3
       Punch             |     1 |       ||     1
 Cast: Freeze            |    74 |    32 ||   106
       Frozen Ramparts   |       |     4 ||     4
Armor: Robe              |    16 |     2 ||    18
Dodge: Dodged            |    39 |    19 ||    58

Table legend: (Time is in decaauts)
 A = Elapsed time spent in this place.
 B = Non-inter-level travel time spent in this place.
 C = Inter-level travel time spent in this place.
 D = Time resting spent in this place.
 E = Time spent auto-exploring this place.
 F = Levels seen in this place.
 G = Mean time per level.
                   A        B        C        D        E       F      G
               +--------+--------+--------+--------+--------+-----+--------+
         Total |   3881 |   3673 |    208 |    177 |   3053 |   4 |  970.2 |
       Dungeon |   3881 |   3673 |    208 |    177 |   3053 |   4 |  970.2 |
               +--------+--------+--------+--------+--------+-----+--------+

Top non-repeatable levels by time:
     D:1: 1300 daAuts
     D:3: 1275 daAuts
     D:2: 1197 daAuts
     D:4: 107 daAuts
